 Dungeon Crawl Stone Soup version 0.29.1-1-gd02db6906a (webtiles) character file.

Game seed: 7275707510145361247

1352 MeatBomb the Ruffian (level 8, -3/79 HPs)
             Began as a Troll Fighter on Sept 19, 2022.
             Succumbed to an orc warrior's poison
             ... on level 5 of the Dungeon.
             The game lasted 00:29:23 (3552 turns).

MeatBomb the Ruffian (Troll Fighter)                Turns: 3552, Time: 00:29:23

Health: -3/79      AC:  4    Str: 25    XL:     8   Next: 36%
Magic:  7/7        EV:  8    Int:  6    God:
Gold:   346        SH:  9    Dex:  9    Spells: 7/7 levels left

rFire   + . .      SeeInvis .     - Unarmed
rCold   . . .      Faith    .   b - +1 kite shield
rNeg    . . .      Spirit   .   a - +0 robe
rPois   .          Reflect  .   (helmet restricted)
rElec   .          Harm     .   (no cloak)
rCorr   .          Rampage  .   (gloves unavailable)
Will    .....                   (boots unavailable)
Stlth   +.........              k - amulet of regeneration
HPRegen 1.83/turn               r - ring of protection from fire
MPRegen 0.10/turn               (no ring)

@: lethally poisoned (-3 -> -35)
A: large, unfitting armour, claws 3, regeneration 1, shaggy fur 1, tough skin 1
a: no special abilities


You were on level 5 of the Dungeon.
You visited 1 branch of the dungeon, and saw 5 of its levels.

You collected 346 gold pieces.

Inventory:

Missiles
 e - 17 stones
 o - 6 poisoned darts (quivered)
Armour
 a - a +0 robe (worn)
 b - a +1 kite shield (worn)
Magical Staves
 h - a staff of conjuration
Jewellery
 k - an amulet of regeneration (around neck)
 r - a ring of protection from fire (left claw)
 u - a ring of fire
Wands
 s - a wand of mindburst (21)
Scrolls
 d - 9 scrolls of identify
 f - a scroll of teleportation
 p - a scroll of enchant weapon
Potions
 c - a potion of might
 g - a potion of attraction {unknown}
 i - a potion of resistance {unknown}
 j - a potion of mutation {unknown}
 l - a potion of haste {unknown}
 m - a potion of magic {unknown}
 n - 2 potions of heal wounds {unknown}
 q - a potion of degeneration {unknown}
 v - a potion of curing


   Skills:
 + Level 4.9 Fighting
 - Level 2.4 Dodging
 + Level 5.3 Shields
 * Level 7.5 Unarmed Combat


You had 7 spell levels left.
You didn't know any spells.
Your spell library contained the following spells:

 Spells                   Type           Power      Damage    Failure   Level
 Apportation              Tloc           0%         N/A       73%         1
 Shock                    Conj/Air       0%         1d3       73%         1
 Blink                    Tloc           0%         N/A       86%         2
 Lesser Beckoning         Tloc           0%         N/A       97%         3
 Swiftness                Air            0%         N/A       97%         3
 Airstrike                Air            0%         2d(0-16)  100%        4
 Alistair's Intoxication  Tmut/Pois      0%         N/A       100%        5
 Manifold Assault         Tloc           0%         N/A       100%        5
 Storm Form               Tmut/Air       0%         N/A       100%        7


Dungeon Overview and Level Annotations

Branches:
Dungeon (5/15)
 Temple: D:4-7

Altars:
Elyvilon
Gozag
Qazlal
Ru
Uskayaw
Vehumet
Zin

Shops:
D:1 *   D:3 ?


Innate Abilities, Weirdness & Mutations

You are too large for most types of armour.
You have claws for hands.
Your natural rate of healing is unusually fast.
You are covered in fur. (AC +1)
You have tough skin. (AC +1)


Message History

The orc priest is moderately wounded.
The orc priest mumbles some strange prayers to Beogh against you.
Pain shoots through your body!
You closely miss the orc priest.
The orc priest is moderately wounded.
The orc priest hits you with a +0 short sword.
You claw the orc priest!
You kill the orc priest!
You scratch the orc warrior.
The orc warrior is lightly wounded.
The orc warrior barely misses you.
You closely miss the orc warrior.
The orc warrior is lightly wounded.
The orc warrior hits you with a +1 broad axe of venom.
You are poisoned.
You claw the orc warrior!
The orc warrior is severely wounded.
You feel very sick. The orc warrior barely misses you.
You scratch the orc warrior but do no damage.
The orc warrior is severely wounded.
You feel sick. The orc warrior closely misses you.
You closely miss the orc warrior.
The orc warrior is severely wounded.
You feel sick.
The orc warrior hits you with a +1 broad axe of venom!!
You are more poisoned.
You closely miss the orc warrior.
The orc warrior is severely wounded.
You feel extremely sick.
The orc warrior hits you with a +1 broad axe of venom!!
You barely miss the orc warrior.
The orc warrior is severely wounded.
You feel very sick.
The orc warrior hits you with a +1 broad axe of venom!!
* * * LOW HITPOINT WARNING * * *
You are more poisoned.
You scratch the orc warrior.
The orc warrior is almost dead.
You die...

.......##.#......## #..###......>
.).....+..........####..##.......
.#.....##.........#..............
.+.....##.........#.#####........
.#.....####+##'####.##...........
.#.....#.......# #..............
.#.....#.......####...........##.
.####..+.......#.o........<...#
#.##.......#@#######+#.##....
#.##.......#<.# #.# ###.
#...#...#.....# #.#
#######'###.#.###.# #.#
.......†..#.#.# .# #.#
..........#.#.# .# #.#
..........+...# .# #+#
..........#.... .# ..........####
##


You could see an orc warrior.

Vanquished Creatures
  Pikel (D:4)
  A water moccasin (D:4)
  3 ogres
  3 scorpions
  An orc priest (D:5)
  2 hounds (D:5)
  An iguana (D:4)
  An orc wizard (D:5)
  9 adders
  4 gnolls (D:2)
  3 worms (D:3)
  5 dart slugs
  6 orcs
  8 ball pythons
  8 endoplasms
  2 giant cockroaches
  5 goblins
  6 hobgoblins
  7 jackals
  7 kobolds
  6 quokkas
  4 bats
  2 frilled lizards
  9 rats
104 creatures vanquished.

Notes
Turn   | Place    | Note
-------+----------+-------------------------------------------
     0 | D:1      | MeatBomb the Troll Fighter began the quest for the Orb.
     0 | D:1      | Reached XP level 1. HP: 22/22 MP: 0/0
    91 | D:1      | Reached XP level 2. HP: 29/29 MP: 1/1
   169 | D:1      | Found Nileb's Assorted Antiques.
   737 | D:1      | Reached XP level 3. HP: 36/36 MP: 2/2
   754 | D:1      | Reached skill level 3 in Unarmed Combat
  1187 | D:2      | Reached XP level 4. HP: 44/44 MP: 3/3
  1422 | D:2      | Found a faded altar of an unknown god.
  1664 | D:3      | Found a glowing silver altar of Zin.
  1734 | D:3      | Reached XP level 5. HP: 53/53 MP: 4/4
  1736 | D:3      | Reached skill level 4 in Unarmed Combat
  1804 | D:3      | Found Feuck's Magic Scroll Shoppe.
  2154 | D:3      | Found a hide-covered altar of Uskayaw.
  2197 | D:3      | Found a sacrificial altar of Ru.
  2284 | D:3      | Found a stormy altar of Qazlal.
  2350 | D:4      | Noticed a water moccasin
  2413 | D:4      | Noticed Pikel
  2413 | D:4      | Noticed a lemure
  2413 | D:4      | Noticed a lemure
  2413 | D:4      | Noticed a lemure
  2413 | D:4      | Noticed a lemure
  2714 | D:4      | Killed a water moccasin
  2715 | D:4      | Reached XP level 6. HP: 7/61 MP: 5/5
  2781 | D:4      | Found a white marble altar of Elyvilon.
  2784 | D:4      | Reached skill level 5 in Unarmed Combat
  2801 | D:4      | Killed Pikel
  2802 | D:4      | Reached skill level 6 in Unarmed Combat
  2802 | D:4      | Reached XP level 7. HP: 16/70 MP: 6/6
  2889 | D:4      | Found a radiant altar of Vehumet.
  2941 | D:4      | Found an opulent altar of Gozag.
  3247 | D:5      | Entered Level 5 of the Dungeon
  3331 | D:5      | Reached skill level 5 in Shields
  3331 | D:5      | Reached XP level 8. HP: 46/79 MP: 7/7
  3405 | D:5      | Reached skill level 7 in Unarmed Combat
  3552 | D:5      | Succumbed to an orc warrior's poison

Illustrated notes

Levels and vault maps discovered:
D:1:      saegor_arrival_simple_d, layout_basic, serial_shops, shop,
          minmay_split_cup_large
D:2:      layout_rooms, chequers_ecumenical_altar_twisty
D:3:      layout_basic, zin_statuary, nicolae_qazlal_eye_of_the_storm,
          mainiacjoe_overflow_two_lobes, serial_shops, shop,
          kennysheep_another_room
D:4:      layout_loops_cross, nicolae_gozag_seed_capital, kennysheep_mini,
          mainiacjoe_overflow_tiny_flanked, uniq_pikel
D:5:      layout_basic, nemelex_diamond_rough_becter, minmay_temple_entry_wispy

Skill      XL: |  1  2  3  4  5  6  7  8 |
---------------+-------------------------+-----
Shields        | 3 4 5 |  5.3
Unarmed Combat | 3 4 6 7 |  7.5
Fighting       | 3 4 |  4.9
Dodging        | |  2.4

Action                   |  1- 3 |  4- 6 |  7- 9 || total
-------------------------+-------+-------+-------++-------
Melee: Unarmed           |    92 |   139 |    66 ||   297
Throw: Stone             |     1 |    18 |       ||    19
       Dart              |       |    24 |    19 ||    43
       Boomerang         |       |     6 |       ||     6
  Use: Scroll            |     2 |     3 |     2 ||     7
       Potion            |       |     3 |       ||     3
Armor: Robe              |    24 |    31 |     7 ||    62
Dodge: Dodged            |    19 |    38 |     9 ||    66
Block: Kite shield       |    21 |    34 |    16 ||    71
